Match 42612193
Unlisted

Match 42612193
End
Selects Airborne Battlegroup
Selects Heavy Machine Gun Paradrop
Heavy Machine Gun Paradrop
Construct Weapon Support Center
Bazooka Squad
Heavy Machine Gun Paradrop
Selects Paratrooper Squad Paradrop
Paratrooper Squad Paradrop
Paratrooper Squad Paradrop
Air Support Center
Selects Recon Loiter
Recon Loiter
Grasshopper Recon Run
P-47 Strafing Run
Double Sortie
Improved Aircraft Armor
P-47 Strafing Run
Grasshopper Recon Run
Recon Loiter
Paratrooper Squad Paradrop
P-47 Strafing Run
P-47 Strafing Run
P-47 Dive Bomb
Grasshopper Recon Run
Advanced Air Reconnaissance
Recon Loiter
Selects Supply Drop
Selects Anti-tank Gun Team Paradrop
Anti-tank Gun Team Paradrop
Supply Drop
Grasshopper High-Altitude Recon Run
P-47 Strafing Run
Supply Drop
Construct Tank Depot
Grasshopper High-Altitude Recon Run
P-47 Strafing Run
P-47 Dive Bomb
Selects Dual P-47 Rocket Strike
Recon Loiter
Dual P-47 Rocket Strike
M4A1 Sherman Medium Tank
Supply Drop
Grasshopper High-Altitude Recon Run
P-47 Strafing Run
Recon Loiter
Engineer Squad
Supply Drop
P-47 Strafing Run
Grasshopper High-Altitude Recon Run
T-800SEP
Frodosynthesis
Tanith's Finest
KampFTrikeR
PzDiv Viper ✠
(◣✠◢) Robin ✠
0
0

Comments sign in to comment!

No comments posted yet!